cohdb
Replays
Latest Replays
All Replays
Popular Replays
Top Player Replays
Match Explorer
How It Works
Community
CoH3 Stats
Reddit
Sign in to upload your games and track your stats! →
Sign in with Steam
Match 41464709
Unlisted
Match 41464709
Overview
Messages
Build Orders
End
Kettenkrad Recon Vehicle
Construct Infanterie Kompanie
Grenadier Squad
MG 42 Machine Gun Team
Grenadier Squad
Infanterie Officer Quarters
Sniper
Construct Panzergrenadier Kompanie
Pak 40 Anti-tank Gun Team
Panzergrenadier Squad
Panzergrenadier Officer Quarters
Selects Mechanized Battlegroup
Selects Raid Package
Selects StuG Assault Group
Pioneer Squad
StuG Assault Group
Construct Panzer Kompanie
Selects UNKNOWN (2160084)
Selects Mobile Repair Stations
Panther Heavy Tank
KevinTDW
YourMom'sPiesSoHotRightNow
Quickscopekiller1337
P3prime
0
0
Comments
sign in to comment!
No comments posted yet!